 Dungeon Sprint DCSS version 0.24.0-123-gd5b16e6ec5 (webtiles) character file.

Game seed: 780313881206418872, levelgen mode: deterministic

132 McKennaii the Destroyer (level 4, -5/33 HPs)
             Began as a Draconian Conjurer on Jan 26, 2020.
             Slain by a neqoxec (12 damage)
             ... in the Dungeon (Sprint II: "The Violet Keep of Menkaure").
             The game lasted 00:00:23 (94 turns).

McKennaii the Destroyer (Draconian Conjurer)          Turns: 94, Time: 00:00:24

Health: -5/33      AC:  5    Str: 11      XL:     4   Next: 92%
Magic:  4/10       EV: 12    Int: 14 (16) God:
Gold:   0          SH:  0    Dex:  9      Spells: 10/11 levels left

rFire    . . .     SeeInvis .   (no weapon)
rCold    . . .     Gourm    .   (no shield)
rNeg     . . .     Faith    .   (armour unavailable)
rPois    .         Spirit   .   (helmet restricted)
rElec    .         Reflect  .   (no cloak)
rCorr    .         Harm     .   (no gloves)
MR       .....     NoTele   +   (no boots)
Stlth    ++........             (no amulet)
HPRegen  0.11/turn              (no ring)
MPRegen  0.12/turn              (no ring)

@: no status effects
A: unfitting armour, clumsy 1, cold-blooded, AC +5
a: no special abilities


You were in the Dungeon.
You were not hungry.

You visited 1 branch

Inventory:

Scrolls
 h - a scroll of blinking
Potions
 c - a potion of curing
 d - a potion of heal wounds
 e - a potion of haste
 f - 2 potions of magic
Comestibles
 b - a ration


   Skills:
 + Level 3.0 Dodging
 + Level 2.9 Stealth
 * Level 4.3 Spellcasting
 + Level 9.0 Conjurations


You had 10 spell levels left.
You knew the following spells:

 Your Spells              Type           Power        Failure   Level  Hunger
a - Magic Dart            Conj           ####         1%          1    None

Your spell library contained the following spells:

 Spells                   Type           Power        Failure   Level  Hunger
 Searing Ray              Conj           ####..       1%          2    ##.....
 Iskenderun's Mystic Bla  Conj           ####....     4%          4    ####...
 Dazzling Spray           Conj/Hex       ###...       9%          3    ###....
 Force Lance              Conj/Tloc      ###.....     28%         4    ####...
 Fulminant Prism          Conj/Hex       ###.......   28%         4    ####...


Dungeon Overview and Level Annotations

Branches:
Dungeon (1/1)

Altars:


Innate Abilities, Weirdness & Mutations

Your plain brown scales are hard. (AC +5)
You cannot fit into any form of body armour.
You are cold-blooded and may be slowed by cold attacks.
You are clumsy. (Dex -2)


Message History

The neqoxec is heavily wounded.
The neqoxec hits you!
Casting: Magic Dart (safe; 1% risk of failure)
Confirm with . or Enter, or press ? or * to list all spells.
Aiming: Magic Dart (safe; 1% risk of failure)
Press: ? - help, Shift-Dir - straight line, f/p - neqoxec
Aim: a neqoxec (heavily wounded)
The magic dart hits the neqoxec.
The neqoxec is severely wounded.
The neqoxec hits you!
* * * LOW HITPOINT WARNING * * *
Casting: Magic Dart (safe; 1% risk of failure)
Confirm with . or Enter, or press ? or * to list all spells.
Aiming: Magic Dart (safe; 1% risk of failure)
Press: ? - help, Shift-Dir - straight line, f/p - neqoxec
Aim: a neqoxec (severely wounded)
The magic dart hits the neqoxec.
The neqoxec is severely wounded.
The neqoxec hits you!
You die...

## #. #
##. ##w
#'#
#.w.##3##
#+.<@+
#.##.##
#w #+# #


You could see a neqoxec.

Vanquished Creatures
  A neqoxec (D)
1 creature vanquished.

Vanquished Creatures (others)
  2 neqoxecs (D)
  A crocodile (D)
3 creatures vanquished.

Grand Total: 4 creatures vanquished

Notes
Turn   | Place    | Note
-------+----------+-------------------------------------------
     0 | D        | McKennaii the Draconian Conjurer began the quest for the
                  | Orb.
     0 | D        | Reached XP level 1. HP: 14/14 MP: 3/3
     5 | D        | Noticed a neqoxec
    17 | D        | Killed a neqoxec
    17 | D        | Reached skill level 9 in Conjurations
    17 | D        | Reached XP level 2. HP: 17/20 MP: 4/7
    17 | D        | Reached XP level 3. HP: 22/26 MP: 4/8
    17 | D        | Reached XP level 4. HP: 27/33 MP: 5/10
    27 | D        | Killed a neqoxec
    30 | D        | Killed a neqoxec
    38 | D        | Killed a crocodile
    88 | D        | Noticed a neqoxec
    89 | D        | Gained mutation: You are clumsy. (Dex -2) [a neqoxec]
    94 | D        | Slain by a neqoxec

Levels and vault maps discovered:
D:        the_violet_keep_of_menkaure [sprint2_stairs_cluster_1,
          sprint2_shoproom, sprint2_temple, sprint2_basic_supplies,
          sprint2_obstacle_4, sprint2_obstacle_3, sprint2_obstacle_2,
          sprint2_obstacle_7, sprint2_obstacle_6, sprint2_timed_cluster_1,
          sprint2_smallroom_cluster_1, sprint2_smallroom_final_cluster_1,
          sprint2_transparent_cluster_1, sprint2_second_timed_cluster_1,
          sprint2_sniper_area_1, sprint2_heavy_combat_area_1,
          sprint2_mutation_trap_area_1, sprint2_forest_area_1,
          sprint2_light_combat_area_1, sprint2_behind_water_1,
          sprint2_near_end_vault_1]

Skill      XL: |  1 |
---------------+----+-----
Dodging        | 3 |  3.0
Stealth        | 2 |  2.9
Spellcasting   | 4 |  4.3
Conjurations   | 9 |  9.0

Action                   |  1- 3 |  4- 6 || total
-------------------------+-------+-------++-------
Melee: Unarmed           |     9 |       ||     9
       Tailslap          |     1 |       ||     1
 Cast: Magic Dart        |       |     6 ||     6
  Use: Potion            |     1 |       ||     1
Dodge: Dodged            |     2 |       ||     2
